[Event "Early-Titled-Tuesday-Blitz-March-26-2024"]
[Site "Chess.com"]
[Date "2024.03.26"]
[Round "1"]
[White "ChristopherYoo"]
[Black "joksijoksi"]
[Result "1-0"]
[WhiteElo "2973"]
[BlackElo "2525"]
[TimeControl "180+1"]
[EndTime "8:08:41 PDT"]
[Termination "ChristopherYoo won by resignation"]

1. d4 d5 2. Nc3 Nf6 3. Bf4 a6 4. e3 c5 5. Nf3 Nc6 6. Be2 cxd4 7. exd4 Bf5 8. O-O e6 9. Ne5 Nxe5 10. dxe5 Ne4 11.
Nxe4 Bxe4 12. Bd3 Bxd3 13. cxd3 Be7 14. Qg4 g5 15. Be3 h5 16. Qd1 Rc8 17. f4 g4 18. f5 Bg5 19. Qd2 Bxe3+ 20. Qxe3 Rc6 21. fxe6 fxe6 22. Rf6 Qb6 23. d4 Rc4 24. Rd1 Kd7 25. Qf2 Re8 26. b3 Rc3 27. Rf7+ Kc8 28. Qd2 Qc6 29.
Rf2 Kb8 30. Rdf1 Rc8 31. Rf8 Rxf8 32. Rxf8+ Ka7 33. Rf1 Rc2 34. Qa5 Qc3 35. Qxc3 Rxc3 36. Rf6 Rd3 37. Rxe6 Rxd4 38. Rd6 Kb8 39. e6 Re4 40. Rxd5 Rxe6 41. Rxh5 Re2 42. Ra5 Kc7 43. h4 gxh3 44. gxh3 Kb6 45. Ra4 Kc6 46. h4 Kd6 47. h5 Ke6 48. h6 Kf7 49. Rg4 Re8 50.
Rg7+ Kf6 51. Rxb7 Kg6 52. h7 Rh8 53. Kf2 Rf8+ 54. Ke3 a5 55. Kd4 Rc8 56. Rc7 Rd8+ 57. Kc4 Kh6 58. Kb5 Ra8 59. Ka4 Kg6 60. Rb7 Kh6 61. Kb5 Kg6 62. a4 Kh6 63. Kb6 Kg6 64. Ra7 Rb8+ 65. Kxa5 Kh6 66. b4 Rd8 67. b5 Rb8 68. b6 Rd8 69. b7 Rb8 70. Kb6 Kxh7 71. Ra8 Rxb7+ 72. Kxb7 1-0

[Event "Early-Titled-Tuesday-Blitz-March-26-2024"]
[Site "Chess.com"]
[Date "2024.03.26"]
[Round "1"]
[White "leoduarte"]
[Black "KarolKacprzak"]
[Result "0-1"]
[WhiteElo "2382"]
[BlackElo "2718"]
[TimeControl "180+1"]
[EndTime "8:08:41 PDT"]
[Termination "KarolKacprzak won on time"]

1. d4 Nf6 2. Nf3 d5 3. Bf4 c5 4. e3 Nc6 5. Nbd2 e6 6. c3 Bd6 7. Bg3 O-O 8. Bd3 b6 9. e4 Be7 10. e5 Nh5 11. Ng5 Bxg5 12. Qxh5 g6 13. Qe2 cxd4 14.
h4 Bxd2+ 15. Qxd2 dxc3 16. bxc3 f6 17. exf6 Qxf6 18. O-O e5 19. Bb5 Ne7 20. Qg5 Qxg5 21. hxg5 Rf5 22. Rfe1 e4 23. c4 Bb7 24. Bd7 d4 25.
Be6+ Kf8 26. Bxf5 Nxf5 27. Be5 d3 28. a4 Rc8 29. a5 Rxc4 30. axb6 axb6 31. Ra7 Bd5 32.
Bf4 e3 33. fxe3 Be4 34. Rd1 Rc2 35. Rd7 Rxg2+ 36. Kf1 Rc2 37. R1xd3 Bxd3+ 38. Rxd3 Kf7 39. Rd7+ Ke6 40. Rxh7 Rc6 41. Rh8 Kd5 42. Rd8+ Ke4 43. Kg2 Rc2+ 44. Kh3 Kf3 45. Rf8 Rc1 46. Bh2 Kxe3 47.
Rf6 Ke4 48. Rxg6 Rc3+ 49. Kg4 Ne3+ 50. Kh5 Rc1 51. Re6+ Kf3 52. Rf6+ Kg2 53. Bf4 Rh1+ 54. Kg6 Nd5 55. Rf5 Ne7+ 56. Kf6 Nxf5 57. Kxf5 Kf3 58.
Be5 Rh5 59. Kf6 Ke4 60. Ba1 Rh1 61. Bb2 Rb1 62. Bc3 Rf1+ 63. Kg7 Kf5 64. g6 Rg1 65.
Kf7 Rxg6 66. Ke7 Rc6 67. Bb4 Ke4 68. Kd7 Kd5 0-1

[Event "Early-Titled-Tuesday-Blitz-March-26-2024"]
[Site "Chess.com"]
[Date "2024.03.26"]
[Round "1"]
[White "AquivaRubinstein"]
[Black "JaackCamel"]
[Result "1-0"]
[WhiteElo "2601"]
[BlackElo "2199"]
[TimeControl "180+1"]
[EndTime "8:08:47 PDT"]
[Termination "AquivaRubinstein won on time"]

1. d4 d5 2. c4 e6 3. Nc3 c6 4. e4 dxe4 5. Nxe4 Bb4+ 6. Bd2 Qxd4 7. Bxb4 Qxe4+ 8. Be2 Na6 9. Ba3 c5 10. Nf3 Nf6 11. O-O O-O 12. b3 b6 13. Bb2 Bb7 14.
Re1 Nb4 15. Bf1 Qf4 16. Ne5 Rad8 17. Qe2 Qf5 18. Rac1 Nxa2 19. Ra1 Nb4 20. Rxa7 Ba8 21. Bc3 Nc2 22. Rc1 Nd4 23. Bxd4 cxd4 24. Nd3 Rfe8 25. Rca1 Be4 26. f3 Bc6 27. Rc7 Rc8 28. Raa7 Rxc7 29.
Rxc7 Ba8 30. Ne5 Rf8 31. b4 h6 32. b5 Qf4 33. Nd3 Qxc7 34. Qf2 e5 35. Qg3 Qxc4 36.
Nxe5 Qc5 37. Bd3 Re8 38. Nc4 Qb4 39. h4 Qe1+ 40. Kh2 Qxg3+ 41. Kxg3 Rd8 42. Nxb6 Bb7 43.
Nc4 Bd5 44. Na5 Ra8 45. Nc4 Bxc4 46. Bxc4 Rb8 47. Kf4 Kf8 48. Ke5 Ke7 49. g4 d3 50.
Bxd3 Nd7+ 51. Kd4 Nb6 52. Kc5 Kd7 53. Bf5+ Kc7 54. Be4 Nd7+ 55. Kb4 Nf6 56. Bd3 Nd5+ 57. Kc5 Nf4 58. Be4 Ne6+ 59. Kb4 g5 60. h5 Kb6 61.
Bd5 Rd8 62. Be4 Rd4+ 63. Kc3 Kxb5 64. Bf5 Rc4+ 65. Kd3 Kc5 66. Ke3 Nf4 67. Be4 Kd6 68. Kd2 Ke5 69. Ke3 Rc3+ 70. Kd2 Ra3 71. Bc6 f6 72. Ke1 Ra2 73. Be4 Rb2 74. Bf5 1-0

[Event "Early-Titled-Tuesday-Blitz-March-26-2024"]
[Site "Chess.com"]
[Date "2024.03.26"]
[Round "1"]
[White "valeriocarnicelli"]
[Black "artooon"]
[Result "1-0"]
[WhiteElo "2552"]
[BlackElo "3020"]
[TimeControl "180+1"]
[EndTime "8:08:48 PDT"]
[Termination "valeriocarnicelli won by checkmate"]

1. e4 e5 2. Nf3 Nc6 3. d4 exd4 4. Nxd4 Nf6 5. Nxc6 bxc6 6. e5 Qe7 7. Qe2 Nd5 8.
c4 Ba6 9. g3 g6 10. b3 Bg7 11.
Bb2 O-O 12. Bg2 Rfe8 13. O-O Nb6 14. Re1 d5 15. Nd2 Rad8 16. Rac1 c5 17. f4 f6 18. Nf3 d4 19. Qd3 Qf8 20. e6 Bc8 21. f5 gxf5 22. Qxf5 Bh6 23. Rcd1 Qe7 24. Bh3 Rf8 25.
Ba3 Be3+ 26. Kg2 Qg7 27. Bxc5 Rfe8 28. Bxd4 Bxd4 29. Rxd4 Rxd4 30. Nxd4 Qh6 31. Qf4 Qg7 32. Qg4 Qxg4 33. Bxg4 c5 34. Nf5 Bxe6 35. Nh6+ Kg7 36. Rxe6 Rxe6 37. Bxe6 Kxh6 38. a4 a5 39. Kf3 Na8 40.
Ke4 Nc7 41. Kf5 Kg7 42. Bc8 Kf7 43. h4 Ne8 44. Be6+ Ke7 45. Bg8 Nd6+ 46. Kf4 h6 47.
Bd5 Kf8 48. Bf3 Kg7 49. Bh5 f5 50. Ke5 Ne4 51. Kd5 Nxg3 52. Bf3 Nf1 53. Kxc5 Nd2 54. Bd1 f4 55. Kb6 f3 56. c5 f2 57. Be2 Nxb3 58.
c6 Nd4 59. Bf1 Nf5 60. c7 Ne7 61. Kxa5 Kg6 62. Kb6 Kh5 63. Kb7 Kxh4 64. a5 Kg3 65. a6 h5 66. a7 h4 67. a8=Q h3 68. c8=Q Nxc8 69. Qxc8 Kh2 70. Qxh3+ Kg1 71. Qg2# 1-0

[Event "Early-Titled-Tuesday-Blitz-March-26-2024"]
[Site "Chess.com"]
[Date "2024.03.26"]
[Round "1"]
[White "DucksParadise"]
[Black "Iball95"]
[Result "1/2-1/2"]
[WhiteElo "2487"]
[BlackElo "2868"]
[TimeControl "180+1"]
[EndTime "8:08:57 PDT"]
[Termination "Game drawn - insufficient material"]

1. e4 c5 2. Nf3 e6 3. b3 Nc6 4. Bb2 a6 5. c4 Nf6 6. e5 Ng4 7. h3 Nh6 8. Bd3 d5 9. exd6 f6 10. Be4 Bd7 11. O-O Bxd6 12. d4 cxd4 13. Nxd4 O-O 14. Qc2 f5 15. Nxc6 Bxc6 16. Bxc6 bxc6 17. Rd1 Qc7 18. Qc3 Rad8 19. Nd2 Rf7 20. Nf3 Rfd7 21.
Kh1 Bf8 22. Rxd7 Rxd7 23. Re1 Qd6 24. Qe3 Re7 25. Bd4 Re8 26. Ne5 Nf7 27. Nxf7 Kxf7 28. Be5 Qc5 29. Qf3 Rd8 30. Qh5+ Kg8 31. Bg3 Qe7 32. Bh4 Qb4 33. Qe2 Re8 34. Bg3 Bd6 35.
Bxd6 Qxd6 36. Rd1 Qe7 37. Qe5 Kf7 38. Rd6 Rc8 39. c5 a5 40. g4 Qf6 41. Rd7+ Kg6 42. Qxf6+ Kxf6 43. gxf5 exf5 44. Kg2 h6 45. f4 g5 46. Kf3 Re8 47. Rd6+ Re6 48. Rd7 Re4 49.
Rd6+ Re6 50. Rd7 gxf4 51. Kxf4 Re4+ 52. Kf3 Re6 53. Kf4 Re4+ 54. Kf3 a4 55. bxa4 Rxa4 56. Rd6+ Ke5 57. Rxc6 Ra3+ 58. Kg2 Rxa2+ 59. Kg3 Ra3+ 60. Kg2 Rc3 61. Rxh6 Rxc5 62. Rh4 Rc2+ 63. Kf3 Rc3+ 64. Kf2 Ra3 65. Ke2 Kf6 66. Kf2 Kg5 67. Rb4 Rxh3 68. Kg2 Rd3 69. Kf2 Rc3 70. Kg2 Rd3 71. Kf2 Rd5 72.
Kg2 Re5 73. Kf2 Re6 74. Kg2 Re4 75. Rxe4 fxe4 76. Kf2 Kf4 77. Ke2 Kf5 78. Ke3 Ke5 79. Ke2 Kd5 80. Ke3 Ke5 81. Ke2 Kd4 82. Kd2 e3+ 83. Ke2 Ke4 84. Ke1 Kd4 85. Ke2 Ke4 86.
Ke1 Kf4 87. Ke2 Kf5 88. Kxe3 1/2-1/2

[Event "Early-Titled-Tuesday-Blitz-March-26-2024"]
[Site "Chess.com"]
[Date "2024.03.26"]
[Round "1"]
[White "masnyszachistaaa"]
[Black "abelmat"]
[Result "1-0"]
[WhiteElo "2572"]
[BlackElo "2086"]
[TimeControl "180+1"]
[EndTime "8:08:57 PDT"]
[Termination "masnyszachistaaa won by checkmate"]

1. Nf3 Nf6 2. b3 e6 3. Bb2 d5 4.
e3 c5 5. Bb5+ Bd7 6. Qe2 Be7 7.
Ne5 O-O 8. Bxd7 Nbxd7 9. O-O Nxe5 10. Bxe5 Nd7 11. Bb2 Bf6 12. d4 cxd4 13. exd4 Rc8 14. c4 dxc4 15. bxc4 Nb6 16. c5 Nd5 17. Nd2 b6 18.
Ne4 Nf4 19. Qf3 Nd5 20. Rfd1 Qe7 21. Nd6 Rc6 22. Ba3 b5 23. Nxb5 Qb7 24. Nd6 Qa6 25. Bb2 Rb8 26. Rd2 Rb4 27. a3 Rb8 28. h3 h6 29. Ne4 Rc7 30. Qg3 Rcb7 31. Ra2 Qc4 32. Nd6 Qxa2 33. Nxb7 Qb1+ 34. Kh2 Rxb7 35. c6 Rxb2 36.
Rxb2 Qxb2 37. Qd6 Qxd4 38. Qb8+ Kh7 39. Kg1 Be5 40. Qb1+ Qe4 41. Qf1 Qf5 42. g3 Bc7 43. Qg2 Qf6 44. Qe4+ Qg6 45. Qe2 f5 46. h4 f4 47. g4 Qf6 48. f3 Qd4+ 49. Qf2 Qc4 50. Qd2 Qxc6 51. Qd3+ g6 52. h5 Qd7 53. Qxg6+ Kh8 54.
Qxh6+ Kg8 55. Qg6+ Kf8 56. h6 Ke7 57. h7 Bb6+ 58.
Kh2 Qb5 59. Qg7+ Kd6 60. h8=Q Qe2+ 61. Kh3 Qxf3+ 62. Kh4 Qh1+ 63. Kg5 Qe4 64. Qg6 Qg2 65. Qf8+ Ne7 66. Qgf6 Bc5 67. Q8xe7+ Kd5 68. Qexe6# 1-0

[Event "Early-Titled-Tuesday-Blitz-March-26-2024"]
[Site "Chess.com"]
[Date "2024.03.26"]
[Round "1"]
[White "PepeCuenca"]
[Black "mertfelin"]
[Result "1/2-1/2"]
[WhiteElo "2763"]
[BlackElo "2435"]
[TimeControl "180+1"]
[EndTime "8:08:59 PDT"]
[Termination "Game drawn - insufficient material"]

1. d4 d5 2. Bf4 Nf6 3. e3 e6 4. Nf3 c5 5. Nbd2 Bd6 6. Bg3 O-O 7. c3 Qc7 8. Bd3 Nbd7 9. O-O Bxg3 10. hxg3 b6 11. Qc2 h6 12. Rfe1 Bb7 13. a4 e5 14.
dxe5 Nxe5 15. Nxe5 Qxe5 16. Nf3 Qe7 17. a5 Rfe8 18. Bb5 Red8 19. Nh4 g6 20. a6 Bc8 21. Rad1 Bg4 22. Be2 Be6 23. Bb5 Rac8 24. Nf3 Bg4 25.
Be2 Qe8 26. Nh4 Bxe2 27. Qxe2 Ne4 28. Nf3 Qa4 29. Nd2 Nf6 30. Nf3 Re8 31. Ra1 Qc6 32.
Qd3 Kg7 33. Rad1 Rcd8 34. c4 Qa4 35. cxd5 Rxd5 36. Qe2 Red8 37. Rxd5 Rxd5 38. e4 Rd8 39. e5 Ng4 40. e6 fxe6 41. Qxe6 Qd7 42. Qe2 Nf6 43.
Qc2 Nd5 44. Ne5 Qf5 45. Qxf5 gxf5 46. Nc6 Rd7 47. Rd1 Kf8 48. Ne5 Rd6 49. Nc4 Rd7 50.
Ne3 Nf6 51. Rxd7 Nxd7 52. Nxf5 Nb8 53. Nxh6 Nxa6 54. Kf1 Nb4 55. Ke2 Ke7 56. Nf5+ Kf6 57. g4 a5 58. Ne3 b5 59. f4 a4 60. g5+ Kg7 61. Kd2 Nc6 62. g4 Nd4 63. f5 Nf3+ 64.
Kd3 Nxg5 65. Nd5 Nf7 66. Ke4 Nd6+ 67. Kd3 b4 68. Nb6 a3 69. bxa3 bxa3 70. Kc2 Kf6 71. Nd5+ Kg5 72. Ne3 Kf4 73. f6 Nf7 74. Nc4 Kxg4 75.
Kb3 Kf5 76. Kxa3 Kxf6 77. Kb3 Ke6 78. Nd2 Kd5 79. Kc2 Nd6 80. Nb3 c4 81. Na5 Ne4 82.
Nxc4 1/2-1/2

[Event "Early-Titled-Tuesday-Blitz-March-26-2024"]
[Site "Chess.com"]
[Date "2024.03.26"]
[Round "1"]
[White "BallottiLuca"]
[Black "Gurvich_Vitaly"]
[Result "0-1"]
[WhiteElo "2367"]
[BlackElo "2703"]
[TimeControl "180+1"]
[EndTime "8:09:04 PDT"]
[Termination "Gurvich_Vitaly won by resignation"]

1. e4 c6 2. d4 d5 3. Nc3 dxe4 4. Nxe4 Nf6 5. Nxf6+ exf6 6. c3 Bd6 7. Bd3 O-O 8. Qc2 Re8+ 9. Ne2 h5 10. O-O Nd7 11.
Ng3 h4 12. Nf5 Qc7 13. Nxd6 Qxd6 14. h3 Nf8 15. Bd2 Be6 16. Rfe1 Rad8 17. Re2 c5 18. Be3 c4 19. Be4 Bd5 20. Bxd5 Qxd5 21. Rae1 Re6 22.
Bd2 a6 23. Rxe6 fxe6 24. Qe4 Kf7 25. Qxh4 Ng6 26. Qe4 Qxe4 27. Rxe4 Ne7 28. h4 Nd5 29. g3 b5 30. Kg2 a5 31. a3 Nb6 32. Kf3 Na4 33. Bc1 Rd5 34. Ke2 Nb6 35. Kd1 Rf5 36.
Re2 Nd5 37. Kc2 Rf3 38. Bd2 Ke7 39. b3 a4 40. b4 Kd6 41. Be1 e5 42. dxe5+ fxe5 43.
Bd2 Rd3 44. Be1 Ke6 45. Bd2 Kf5 46. Be1 Nf6 47. Rd2 e4 48. Rxd3 exd3+ 49. Kd2 Ke4 50.
Kd1 Kf3 51. Kd2 Ne4+ 52. Kd1 g6 53. Kc1 Ke2 54. f3 Kxf3 55. Kd1 Ke3 56. Kc1 d2+ 57. Kd1 dxe1=Q+ 58. Kxe1 Nxc3 59. g4 Nd5 60. h5 gxh5 61.
gxh5 Nf6 62. h6 Nh7 63. Kd1 Kd3 64. Kc1 Kc3 65. Kb1 Kb3 66. Ka1 Kxa3 67. Kb1 Kxb4 68. Ka1 Kc5 69. Kb1 b4 70. Ka1 c3 71. Kb1 Kc4 72. Kc2 b3+ 73. Kb1 Kb4 74. Kc1 b2+ 75. Kc2 a3 76. Kb1 Ng5 77. Ka2 Kc4 78. Kxa3 b1=Q 0-1

[Event "Early-Titled-Tuesday-Blitz-March-26-2024"]
[Site "Chess.com"]
[Date "2024.03.26"]
[Round "1"]
[White "dey2580"]
[Black "DonkyDonkyDonkey"]
[Result "0-1"]
[WhiteElo "2528"]
[BlackElo "2986"]
[TimeControl "180+1"]
[EndTime "8:09:09 PDT"]
[Termination "DonkyDonkyDonkey won on time"]

1. Nf3 Nf6 2. g3 g6 3. Bg2 Bg7 4. O-O O-O 5. d4 d6 6. b3 a5 7. a4 c5 8. Bb2 cxd4 9. Nxd4 Qb6 10. Na3 Nc6 11. Nc4 Qc7 12. Nb5 Qd8 13. Qd2 Be6 14. Rfd1 Bxc4 15. bxc4 Qb6 16. Rab1 Qc5 17. Bd5 Ng4 18.
Qf4 Bxb2 19. Qxg4 Bf6 20. h4 Rac8 21. Qe4 Rfe8 22. Rb3 e6 23. Bxc6 Rxc6 24. Rbd3 Be7 25. h5 Qxc4 26. Qxc4 Rxc4 27. hxg6 hxg6 28. Nxd6 Bxd6 29.
Rxd6 Rxa4 30. Rb6 Re7 31. Rd8+ Kg7 32. Rb8 Rb4 33. Rxb4 axb4 34. Rc8 Rd7 35. Rc4 Rd2 36. e4 Rd1+ 37. Kg2 Rb1 38. e5 Rb2 39. Kf3 b3 40.
cxb3 Rxb3+ 41. Ke4 b5 42. Rc7 g5 43. f4 gxf4 44.
gxf4 Kg6 45. Rc8 Rb4+ 46. Ke3 Kf5 47. Rc7 Re4+ 48. Kd3 Rxf4 49. Rxf7+ Kxe5 50. Rb7 Rb4 51. Rb8 Rd4+ 52. Ke3 Rd5 53. Rb6 Kf6 54. Ke4 Ke7 55. Rc6 Kd7 56. Rb6 Rh5 57. Kd4 Ke7 58. Rb8 Kd6 59. Rb6+ Ke7 60. Rb7+ Kf6 61. Rb8 b4 62. Ke3 b3 63. Kf4 Rh3 64. Kg4 Rc3 65. Kf4 Ke7 66.
Ke5 Kd7 67. Rb7+ Kc6 68. Rb8 Rh3 69. Kd4 Kd6 70. Rb6+ Ke7 71. Ke5 Kd7 72. Rd6+ Kc7 73. Kxe6 b2 74. Rd1 Rb3 75. Rb1 Kc6 76. Ke5 Kc5 77. Ke4 Kc4 0-1

[Event "Early-Titled-Tuesday-Blitz-March-26-2024"]
[Site "Chess.com"]
[Date "2024.03.26"]
[Round "1"]
[White "Lukianoo"]
[Black "Siemba"]
[Result "1-0"]
[WhiteElo "2815"]
[BlackElo "2461"]
[TimeControl "180+1"]
[EndTime "8:09:10 PDT"]
[Termination "Lukianoo won on time"]

1. e4 e5 2. d4 exd4 3. Qxd4 Nc6 4. Qe3 b6 5. Nc3 Bb7 6. Bc4 Bc5 7. Qg3 Nd4 8. Qxg7 Qf6 9. Qxf6 Nxf6 10. Bd3 Rg8 11. Kf1 O-O-O 12. Nf3 Ng4 13. Nxd4 Bxd4 14. Nd1 f5 15. Ne3 fxe4 16. Be2 Bxe3 17. Bxe3 Nxe3+ 18. fxe3 Rg5 19. g3 h5 20. Kg2 h4 21. g4 d5 22. c3 c5 23. Rad1 d4 24. cxd4 cxd4 25.
Rd2 dxe3 26. Rxd8+ Kxd8 27. Kh3 Rd5 28. Kxh4 Rd2 29.
Re1 Ke7 30. Kg3 Rxb2 31. Kf4 Rxa2 32. h4 a6 33. h5 Ra5 34. h6 Kf7 35. Rh1 Kg8 36.
g5 Bc8 37. Rc1 Rf5+ 38. Kxe4 Rc5 39. Rd1 Rxg5 40. Rd8+ Kh7 41. Rxc8 Kxh6 42. Rc6+ Rg6 43. Rc8 b5 44. Kxe3 Kg7 45. Kd3 Rd6+ 46. Kc3 Kf6 47. Kb4 Ke5 48. Bf3 Rd4+ 49. Ka5 Ra4+ 50.
Kb6 Kd4 51. Be2 b4 52. Rc4+ Kd5 53. Rh4 a5 54. Kb5 Ra3 55. Bc4+ Ke5 56. Rh5+ Kd4 57. Rd5+ Kc3 58. Rd3+ Kc2 59. Rd7 b3 60. Bd3+ Kb2 61. Rh7 a4 62. Kb4 Ra2 63. Rh2+ Kc1 64. Rh1+ Kd2 65.
Bb5 Ke3 66. Bxa4 b2 67. Rb1 Kd2 68. Bb3 Ra8 69. Rxb2+ Kd3 70. Bc4+ Kd4 71. Rd2+ Ke3 72. Rd7 Rb8+ 73. Kc3 Rc8 74. Re7+ Kf4 75. Kd4 Ra8 76. Rf7+ Kg5 77. Bd5 Ra4+ 78. Ke5 Ra5 79. Rg7+ Kh5 80.
Rg1 Rb5 81. Ke6 Kh4 82. Ke5 Ra5 83. Kf4 Kh5 84. Be4 1-0

[Event "Early-Titled-Tuesday-Blitz-March-26-2024"]
[Site "Chess.com"]
[Date "2024.03.26"]
[Round "1"]
[White "xasid81"]
[Black "ernestina08chess"]
[Result "0-1"]
[WhiteElo "2591"]
[BlackElo "2248"]
[TimeControl "180+1"]
[EndTime "8:09:19 PDT"]
[Termination "ernestina08chess won by resignation"]

1. g3 Nf6 2. Bg2 g6 3. e4 d6 4. d4 Bg7 5. Nc3 O-O 6. Nge2 c5 7. dxc5 dxc5 8. Qxd8 Rxd8 9. Be3 Na6 10. h3 Be6 11.
Nf4 Bc8 12. a3 Rb8 13. Nb5 Bd7 14. c4 Bc6 15. Nd5 Nxd5 16. exd5 Bxb5 17. cxb5 Nc7 18. O-O-O Nxb5 19. Kb1 b6 20. Rhe1 Nd6 21. Bg5 f6 22. Bf4 Bf8 23. Bxd6 exd6 24. Re6 Kf7 25. h4 Re8 26. Rde1 Rxe6 27. dxe6+ Ke7 28. Bd5 f5 29. h5 Bg7 30. Rh1 Rh8 31. Kc2 g5 32. b3 h6 33. Kd3 Be5 34. Rf1 f4 35. g4 Rf8 36.
f3 a6 37. Ke4 Kf6 38. Rd1 Rb8 39.
Kd3 b5 40. Rc1 a5 41. Rc2 Ke7 42. Ke4 Kf6 43. Re2 Rb6 44. Ra2 Rb8 45. a4 b4 46. Kd3 Rb6 47. Kc4 Rb8 48. Re2 Ke7 49. Re4 Kf6 50. Re1 Rb6 51. Rd1 Rb8 52. Be4 Ke7 53.
Bf5 Kf6 54. Rd5 Rb6 55. Kd3 Rb8 56. Ke4 Rb6 57. Rd3 Rb8 58. Kd5 Rb6 59. Rd1 Ke7 60.
Re1 Kf6 61. Re2 Ke7 62. Bd3 Kf6 63. Bc4 Ke7 64. Rxe5 dxe5 65. Kxe5 Rd6 66. Bd5 Rd8 67. Bc4 Rd1 68. Kf5 Rc1 69. Bd5 Rc3 70. Kg6 c4 71. bxc4 b3 72. Kxh6 b2 73. Be4 Rc1 74. Kg7 Rxc4 75.
Bf5 Rc5 76. h6 Rxf5 77. gxf5 b1=Q 78. f6+ Kxe6 79. h7 Qb7+ 80. Kg6 Qf7+ 81. Kh6 Qxf6+ 82.
Kh5 Qh8 83. Kh6 Qf6+ 84. Kh5 Qg7 85. Kg4 Qxh7 86. Kxg5 Qf5+ 87. Kh4 Qd3 88. Kg4 Qd4 89. Kg5 Qxa4 90. Kg4 Qd4 0-1

[Event "Early-Titled-Tuesday-Blitz-March-26-2024"]
[Site "Chess.com"]
[Date "2024.03.26"]
[Round "1"]
[White "Shuvalov"]
[Black "mary-sanna"]
[Result "1-0"]
[WhiteElo "2607"]
[BlackElo "2222"]
[TimeControl "180+1"]
[EndTime "8:09:21 PDT"]
[Termination "Shuvalov won on time"]

1. d4 d5 2. c4 e6 3. Nf3 Nf6 4. Nc3 c5 5. cxd5 exd5 6. Bg5 c4 7. g3 Be7 8. Bg2 O-O 9. O-O Nc6 10. e3 Bg4 11. h3 Bh5 12. g4 Bg6 13. Ne5 Ne4 14. Bf4 Nxc3 15. bxc3 Nxe5 16. dxe5 Bd3 17.
Re1 Qa5 18. Qd2 Rfd8 19. a4 a6 20. Qb2 Ra7 21. e4 d4 22. Bd2 dxc3 23. Bxc3 Qc7 24.
a5 Bc5 25. Kh1 b5 26. axb6 Qxb6 27. Qxb6 Bxb6 28. f4 h6 29. f5 Bd4 30. Rec1 Bxc3 31. Rxc3 Rb8 32. Rca3 Rb1+ 33. Rxb1 Bxb1 34. Kg1 Rc7 35.
Rc3 Bd3 36. Bf1 Bxe4 37. Rxc4 Rxc4 38. Bxc4 a5 39. Bb5 Kf8 40. Kf2 Ke7 41. Ke3 Bc2 42. Kd2 Bb3 43. Kc3 Bd5 44. Ba4 Bg2 45. h4 Bf3 46. g5 hxg5 47. hxg5 Be4 48. f6+ gxf6 49. gxf6+ Kf8 50. Kd4 Bb7 51. Kc5 Bc8 52. Kb6 Be6 53.
Kxa5 Kg8 54. Kb6 Kh7 55. Kc7 Kg6 56. Kd6 Kf5 57. Bc2+ Kf4 58. Bg6 Kg5 59. Bb1 Kf4 60.
Bc2 Kg5 61. Ke7 Kf4 62. Bg6 Kxe5 63. Bxf7 Bf5 64. Bb3 Bg6 65. Ba2 Kf4 66. Kf8 Kg5 67.
Kg7 Bh5 68. Bf7 Bd1 69. Bd5 Bh5 70. Bf7 Be2 71. Be8 Bc4 72. Bd7 Bb3 73. Bb5 Bd5 74.
Bd3 Bb3 75. Bg6 Bd5 76. Bf7 Bf3 77. Be6 Bh5 78. Bd5 Kf5 79. Bf3 Be8 80. Bb7 Bh5 81.
Bc8+ Kg5 82. Be6 1-0

[Event "Early-Titled-Tuesday-Blitz-March-26-2024"]
[Site "Chess.com"]
[Date "2024.03.26"]
[Round "1"]
[White "martabartel"]
[Black "Kotlyar_K"]
[Result "1/2-1/2"]
[WhiteElo "2201"]
[BlackElo "2587"]
[TimeControl "180+1"]
[EndTime "8:10:09 PDT"]
[Termination "Game drawn by stalemate"]

1. d4 Nf6 2. c4 g6 3. Nf3 Bg7 4. Nc3 d5 5. cxd5 Nxd5 6. e4 Nxc3 7. bxc3 c5 8. Bb5+ Nc6 9. O-O O-O 10. Bxc6 bxc6 11. Ba3 cxd4 12. Nxd4 Qc7 13. Qf3 Ba6 14. Rfd1 Rfd8 15. Rab1 Bc4 16. Nb3 Qe5 17. Qg3 e6 18. Nd4 Qxg3 19. hxg3 Bxd4 20. Rxd4 Rxd4 21. cxd4 Bxa2 22. Rb7 Bc4 23. Bc5 a5 24. Ra7 Rxa7 25.
Bxa7 Kf8 26. Bc5+ Ke8 27. f4 f6 28. Kf2 Kd7 29. g4 Kc7 30. Ke3 Kb7 31. Kd2 Ka6 32.
Kc3 Kb5 33. g5 fxg5 34. fxg5 Bf1 35. g3 Bg2 36. e5 Bf3 37. Bd6 Bd1 38. Bc5 Ka6 39.
Bd6 Kb7 40. Bc5 Kc7 41. Bd6+ Kd7 42. Bc5 Ke8 43. Kd2 Bb3 44. Kc3 Bd1 45. Kd2 Bb3 46.
Kc3 a4 47. Kd3 Kf7 48. Ke3 Kg7 49. Kf4 h6 50. gxh6+ Kxh6 51. g4 g5+ 52. Kg3 Bd1 53.
Kh3 Kg6 54. Kg3 Kf7 55. Kh3 Ke8 56. Kg3 Kd7 57. Kh3 Kc7 58. Be7 Kb7 59. Bxg5 a3 60. Bc1 a2 61. Bb2 Bc2 62. Kg3 Kb6 63.
Kf2 Kb5 64. Ke2 Kb4 65. Kd2 Kb3 66. Ba1 Bg6 67. g5 Kc4 68. Ke3 Bf5 69. Kd2 Kd5 70. Ke3 Bg6 71. Bb2 Kc4 72. Kd2 Kb3 73. Ba1 Bf5 74.
Kc1 Kc4 75. Kd2 Bh7 76. Ke3 c5 77. dxc5 Kxc5 78. Kd2 Kc4 79. Kc1 Kd5 80. Kd2 Ke4 81. Kc3 Kf4 82. Kb3 Bb1 83. Kb2 Kxg5 84. Kc1 Kf5 85. Kd2 Ke4 86. Kc3 Kxe5 87. Kd2+ Kf4 88. Ke2 Ke4 89. Bb2 Bd3+ 90. Kd2 Bc4 91. Ba1 Bd5 92. Ke2 Bc4+ 93. Kd2 Bb5 94. Kc1 Ke3 95. Bc3 Bc4 96. Kb2 Kd3 97. Be5 Ke4 98. Bf6 Kf5 99. Bg7 Kg6 100. Bc3 Kf5 101. Ka1 Ke4 102. Bb2 Kd3 103. Be5 Ke4 104. Bb2 Kf5 105. Bc3 Bd5 106. Bb2 e5 107. Bxe5 Kxe5 108. Kb2 Kd4 109. Ka1 Kc3 1/2-1/2

[Event "Early-Titled-Tuesday-Blitz-March-26-2024"]
[Site "Chess.com"]
[Date "2024.03.26"]
[Round "2"]
[White "joksijoksi"]
[Black "hsd2016"]
[Result "1-0"]
[WhiteElo "2529"]
[BlackElo "2310"]
[TimeControl "180+1"]
[EndTime "8:11:45 PDT"]
[Termination "joksijoksi won by resignation"]

1. d4 h6 2. c4 b6 3. Nf3 Bb7 4. Nc3 Nf6 5. Bf4 d5 6. e3 e6 7. Rc1 c6 8. Ne5 Nbd7 9. Bg3 Be7 10. f4 Nxe5 11. fxe5 Nd7 12. cxd5 exd5 13. Bd3 Bh4 14. O-O Bxg3 15. hxg3 Qg5 16. Qf3 O-O 17. e4 dxe4 18. Nxe4 c5 19. Nxg5 1-0

[Event "Early-Titled-Tuesday-Blitz-March-26-2024"]
[Site "Chess.com"]
[Date "2024.03.26"]
[Round "2"]
[White "barbara25"]
[Black "PierrotFace"]
[Result "0-1"]
[WhiteElo "2265"]
[BlackElo "2511"]
[TimeControl "180+1"]
[EndTime "8:11:53 PDT"]
[Termination "PierrotFace won by resignation"]

1. e4 c5 2. Nf3 a6 3. d4 cxd4 4. Nxd4 Nf6 5. Nc3 e5 6. Nb3 Bb4 7. Bg5 h6 8. Bxf6 Qxf6 9. Qd2 Qg6 10. f3 O-O 11. a3 Be7 12. O-O-O Bg5 0-1

[Event "Early-Titled-Tuesday-Blitz-March-26-2024"]
[Site "Chess.com"]
[Date "2024.03.26"]
[Round "2"]
[White "arnash_bauyrzhan"]
[Black "HajiyevKanan"]
[Result "0-1"]
[WhiteElo "2358"]
[BlackElo "2553"]
[TimeControl "180+1"]
[EndTime "8:12:15 PDT"]
[Termination "HajiyevKanan won by resignation"]

1. e4 c6 2. d4 d5 3. exd5 cxd5 4. c3 Nc6 5. Bd3 Qc7 6. Nf3 Bg4 7. h3 Bh5 8. O-O e6 9. Be2 Nf6 10. Bg5 Bd6 11.
Nbd2 Ne4 12. Nxe4 dxe4 13. Nd2 Bg6 14. Bh5 f5 15. f3 Bxh5 0-1

[Event "Early-Titled-Tuesday-Blitz-March-26-2024"]
[Site "Chess.com"]
[Date "2024.03.26"]
[Round "2"]
[White "Anton_Demchenko"]
[Black "Midgardsormur"]
[Result "1-0"]
[WhiteElo "3007"]
[BlackElo "2443"]
[TimeControl "180+1"]
[EndTime "8:12:17 PDT"]
[Termination "Anton_Demchenko won by resignation"]

1. e4 e5 2. Nf3 Nc6 3. Bc4 Nf6 4. d3 h6 5. O-O d6 6. c3 g6 7. d4 Bg7 8. dxe5 dxe5 9. Qxd8+ Nxd8 10. Nxe5 Nxe4 11.
Re1 Bxe5 12. Rxe4 f6 13. f4 Bf5 14. Re1 1-0

[Event "Early-Titled-Tuesday-Blitz-March-26-2024"]
[Site "Chess.com"]
[Date "2024.03.26"]
[Round "2"]
[White "LLariMarc"]
[Black "BozeKat"]
[Result "1-0"]
[WhiteElo "2466"]
[BlackElo "2070"]
[TimeControl "180+1"]
[EndTime "8:12:35 PDT"]
[Termination "LLariMarc won by resignation"]

1. d4 d5 2. Nf3 Nf6 3. Bg5 e6 4. e3 Nbd7 5. Nbd2 c6 6. Bd3 Bd6 7. O-O O-O 8. c4 b6 9. Rc1 Ba6 10. Qe2 h6 11. Bh4 Be7 12. Rc2 c5 13. Rfc1 Rc8 14. cxd5 Nxd5 15. Bxa6 Bxh4 16. Bxc8 1-0

[Event "Early-Titled-Tuesday-Blitz-March-26-2024"]
[Site "Chess.com"]
[Date "2024.03.26"]
[Round "2"]
[White "mishanick"]
[Black "Mysterio47"]
[Result "1-0"]
[WhiteElo "3100"]
[BlackElo "2709"]
[TimeControl "180+1"]
[EndTime "8:12:56 PDT"]
[Termination "mishanick won by resignation"]

1. d4 d5 2. c4 e6 3. Nc3 Nf6 4. Bg5 Be7 5. e3 O-O 6. Qc2 h6 7. Bh4 dxc4 8. Bxc4 c5 9. Nf3 cxd4 10. Nxd4 Bd7 11. O-O Nc6 12. Rfd1 Qc8 13. Ndb5 Ne5 14. Be2 Nd5 15. Rxd5 Bxh4 16. Rxe5 Bf6 17. Re4 1-0

[Event "Early-Titled-Tuesday-Blitz-March-26-2024"]
[Site "Chess.com"]
[Date "2024.03.26"]
[Round "2"]
[White "SAInt_666"]
[Black "kyuotbi"]
[Result "1-0"]
[WhiteElo "2738"]
[BlackElo "2301"]
[TimeControl "180+1"]
[EndTime "8:13:05 PDT"]
[Termination "SAInt_666 won by resignation"]

1. d4 Nf6 2. c4 e6 3. Nc3 Bb4 4. f3 Bxc3+ 5. bxc3 c5 6. e4 d6 7. Bd3 Nc6 8. Ne2 e5 9. O-O cxd4 10. cxd4 exd4 11. Bg5 h6 12. Bh4 g5 13. Bf2 Qb6 14.
Rb1 Qc5 15. Qa4 a6 16. Bxd4 Qa5 17. Qxa5 Nxa5 18. Bxf6 1-0